Map: [ESL] Cosmic Sapphire

Players

Zain - Winner!

  • Race: Protoss Protoss
  • Spawn Location: 5:00

Aristori

  • Race: Zerg Zerg
  • Spawn Location: 11:00

Event: DreamHack SC2 Masters 2022 Valencia

VOD

Have the link to the VOD?

Description

Time

  • Played on: July 1, 2022, 1:45 p.m.
  • Length: 10:35

All games in this series

Show
View Real Time Build Order
Export as new Build Order

Zain Protoss - Winner!

Build Orders: 1 Gate Expand, Oracle Opening 

Get SALT Encoding   

  12  0:00  Probe  
  13  0:12  Probe  
  14  0:18  Pylon  
  14  0:24  Probe (Chrono Boost)  
  15  0:36  Probe (Chrono Boost)  
  15  0:38  Gateway  
  16  0:44  Probe (Chrono Boost)  
  16  0:46  Assimilator  
  17  0:51  Probe  
  18  1:03  Probe  
  19  1:15  Probe  
  20  1:22  Nexus  
  20  1:34  Cybernetics Core  
  20  1:36  Probe  
  21  1:43  Assimilator  
  21  1:48  Probe  
  21  1:52  Pylon  
  22  2:01  Probe  
  23  2:07  Adept (Chrono Boost)  
  23  2:13  Probe  
  26  2:21  Stargate  
  26  2:25  Probe  
  26  2:28  Adept (Chrono Boost)  
  27  2:36  Probe  
  30  2:37  Probe  
  30  2:43  Warp Gate  
  31  2:48  Probe (Chrono Boost)  
  31  2:50  Stalker  
  33  2:53  Probe (Chrono Boost)  
  36  2:59  Pylon, Probe (Chrono Boost)  
  36  3:04  Probe x2 (Chrono Boost)  
  37  3:12  Oracle (Chrono Boost)  
  41  3:13  Probe  
  41  3:14  Probe  
  43  3:25  Probe  
  43  3:26  Probe  
  43  3:37  Probe  
  43  3:38  Probe  
  43  3:40  Gateway  
  43  3:46  Oracle (Chrono Boost)  
  46  3:51  Nexus  
  46  3:52  Pylon  
  46  3:53  Probe  
  46  3:55  Probe  
  48  4:05  Assimilator  
  48  4:06  Probe  
  48  4:07  Assimilator  
  48  4:09  Probe, Twilight Council  
  50  4:18  Probe  
  50  4:21  Probe  
  52  4:30  Probe  
  53  4:33  Probe  
  53  4:34  Stalker, Forge  
  53  4:35  Stalker  
  53  4:37  Gateway  
  58  4:38  Blink (Chrono Boost)  
  58  4:42  Probe  
  58  4:45  Probe  
  60  4:47  Pylon  
  57  4:54  Probe  
  57  4:57  Probe  
  58  5:01  Protoss Ground Weapons Level 1 (Chrono Boost)  
  58  5:02  Gateway  
  58  5:06  Probe x2  
  60  5:09  Probe  
  60  5:12  Stalker x2  
  65  5:18  Probe x2  
  67  5:21  Probe  
  68  5:30  Probe x2, Gateway  
  68  5:34  Gateway  
  70  5:35  Gateway  
  70  5:39  Gateway  
  70  5:43  Probe  
  70  5:44  Pylon  
  72  5:52  Pylon  
  72  5:53  Stalker  
  72  5:54  Gateway  
  72  5:56  Stalker  
  75  5:57  Stalker, Pylon  
  75  5:58  Probe  
  78  6:04  Probe  
  78  6:05  Probe  
  80  6:13  Probe  
  80  6:14  Pylon  
  80  6:16  Stalker  
  83  6:19  Charge  
  83  6:24  Stalker x3, Gateway  
  83  6:25  Pylon  
  89  6:33  Stalker, Gateway  
  89  6:34  Stalker  
  89  6:36  Probe x3  
  96  6:47  Stalker x3  
  96  6:48  Probe x2  
  104  6:58  Stalker x3  
  104  7:00  Probe  
  111  7:02  Pylon  
  111  7:04  Pylon  
  111  7:20  Stalker x4  
  119  7:25  Stalker x5  
  129  7:30  Shield Battery  
  119  7:46  Stalker x3  
  119  7:47  Stalker x2  
  119  7:48  Zealot x4  
  119  7:49  Zealot  
  139  7:58  Pylon  
  137  8:00  Pylon  
  135  8:06  Zealot  
  135  8:09  Stalker  
  135  8:10  Stalker  
  141  8:16  Stalker x5  
  141  8:18  Probe x2  
  147  8:29  Stalker x4  
  130  8:34  Zealot x2  
  130  8:39  Probe x2  
  124  8:43  Probe  
  124  8:45  Zealot x3  
  119  8:51  Probe  
  110  9:00  Zealot x5  
  110  9:01  Zealot  
  116  9:15  Zealot x5  
  108  9:26  Pylon  
  108  9:29  Zealot x5  
  108  9:30  Zealot  
  114  9:35  Probe x2  
  114  9:42  Zealot x4  
  107  9:56  Stalker  
  107  9:57  Stalker x4  
  105  10:09  Zealot x5  
  111  10:23  Nexus  
  111  10:26  Pylon  
Show
View Real Time Build Order
Export as new Build Order

Aristori Zerg 

Build Orders: Hatch First 

Get SALT Encoding   

  12  0:00  Drone  
  13  0:12  Overlord  
  13  0:17  Drone  
  14  0:30  Drone x2  
  16  0:48  Hatchery  
  15  0:52  Drone  
  15  0:55  Drone  
  17  0:58  Drone  
  18  1:09  Extractor  
  17  1:15  Spawning Pool  
  17  1:17  Drone  
  17  1:20  Drone  
  18  1:27  Drone  
  19  1:39  Drone  
  20  1:49  Overlord  
  20  2:01  Queen x2  
  20  2:02  Zergling x2  
  20  2:03  Zergling x2  
  26  2:12  Metabolic Boost, Drone x2  
  28  2:23  Drone x2  
  30  2:35  Hatchery  
  29  2:40  Drone x2  
  31  2:47  Queen  
  31  2:51  Overlord  
  33  2:56  Drone x2  
  35  2:59  Drone  
  36  3:06  Overlord  
  36  3:10  Drone  
  36  3:11  Drone x2  
  39  3:14  Queen  
  39  3:28  Drone  
  39  3:29  Drone x4  
  41  3:37  Queen  
  41  3:41  Drone x2  
  45  3:50  Drone x4  
  49  3:57  Overlord  
  49  4:01  Queen  
  51  4:04  Zergling x6  
  51  4:09  Spore Crawler  
  52  4:13  Spore Crawler, Drone x6  
  57  4:23  Drone x4  
  59  4:32  Spore Crawler  
  59  4:36  Overlord x2  
  59  4:38  Drone x5  
  63  4:47  Overlord x2  
  63  4:54  Overlord  
  63  4:56  Drone x2  
  65  5:08  Roach Warren, Extractor  
  65  5:09  Lair  
  65  5:10  Extractor, Evolution Chamber, Drone x7  
  68  5:22  Drone  
  68  5:23  Drone x5  
  68  5:25  Extractor x2  
  72  5:34  Drone x6  
  72  5:35  Zerg Missile Weapons Level 1, Drone x2  
  80  5:46  Overlord  
  80  5:58  Extractor  
  80  5:59  Overlord x2, Hatchery  
  80  6:02  Drone  
  80  6:03  Drone x9  
  87  6:06  Zergling x2  
  87  6:09  Glial Reconstitution  
  87  6:11  Evolution Chamber, Zergling x8  
  87  6:12  Zergling x2  
  92  6:21  Roach  
  92  6:23  Roach x3  
  100  6:32  Roach x3  
  106  6:42  Roach x8  
  106  6:45  Overlord  
  117  6:55  Roach  
  117  6:56  Roach  
  117  6:57  Overlord x2  
  117  7:00  Zerg Melee Weapons Level 1  
  121  7:04  Overlord x2  
  121  7:08  Zergling x10  
  121  7:09  Zergling x6  
  121  7:10  Ravager  
  121  7:14  Zergling x2  
  121  7:15  Zergling x4  
  129  7:21  Zergling x2  
  129  7:22  Zergling x4  
  124  7:23  Overlord  
  124  7:24  Ravager  
  124  7:25  Ravager  
  124  7:26  Ravager  
  127  7:31  Roach x4  
  128  7:40  Zergling x12  
  127  7:46  Roach x3  
  127  7:49  Queen x2  
  127  7:50  Queen  
  137  7:54  Roach x3  
  137  7:56  Ravager x2  
  143  7:58  Roach  
  143  7:59  Roach x3  
  148  8:07  Roach  
  148  8:08  Overlord  
  148  8:09  Overlord x4  
  149  8:16  Roach  
  149  8:17  Overlord  
  148  8:21  Roach  
  148  8:23  Overlord  
  146  8:27  Zergling x2  
  146  8:28  Zergling x18  
  138  8:36  Zergling x2  
  138  8:37  Zergling x16  
  123  8:44  Roach  
  107  8:50  Roach x6  
  107  8:55  Roach x3  
  114  8:56  Queen x2  
  114  9:00  Ravager x5  
  123  9:04  Roach x2  
  123  9:05  Roach x3  
  129  9:13  Roach  
  129  9:14  Roach x4  
  111  9:21  Roach x4  
  110  9:28  Roach x4  
  107  9:37  Roach  
  107  9:38  Roach x3  
  103  9:44  Roach x3  
  89  9:46  Zergling x4  
  78  9:57  Roach x2  
  77  10:02  Zergling x6  
  76  10:12  Roach  
  76  10:13  Roach x2  
  71  10:21  Ravager  
  71  10:22  Ravager x3  

Tags
 
Add a new tag
Caveats
  • Supply blocks, unpowered buildings, or Contaminate may cause inaccurate times.
  • Supply counts are checked every 10 seconds.